 Dungeon Crawl Stone Soup version 0.28.0-53-g5a82cb258f (webtiles) character file.

Game seed: 6725151090143789629

102 Renzlar the Shield-Bearer (level 4, -7/41 HPs)
             Began as a Gnoll Fighter on July 28, 2022.
             Killed from afar by Sigmund (10 damage)
             ... with a puff of flame
             ... on level 2 of the Dungeon.
             The game lasted 00:05:00 (1363 turns).

Renzlar the Shield-Bearer (Gnoll Fighter)           Turns: 1363, Time: 00:05:01

Health: -7/41      AC:  9    Str: 14 (17) XL:     4   Next: 78%
Magic:  5/5        EV:  9    Int:  6 (8)  God:
Gold:   59         SH:  5    Dex: 10 (11) Spells: 5/5 levels left

rFire   . . .      SeeInvis .   a - +0 war axe
rCold   . . .      Faith    .   c - +0 buckler
rNeg    . . .      Spirit   .   b - +0 scale mail
rPois   .          Reflect  .   (no helmet)
rElec   .          Harm     .   (no cloak)
rCorr   .          Rampage  .   (no gloves)
Will    .....                   h - +0 pair of boots
Stlth   ..........              (no amulet)
HPRegen 0.13/turn               (no ring)
MPRegen 0.09/turn               (no ring)

@: mighty
A: fangs 1, strong nose, distributed training
a: no special abilities


You were on level 2 of the Dungeon.
You visited 1 branch of the dungeon, and saw 2 of its levels.

You collected 59 gold pieces.

Inventory:

Hand Weapons
 a - a +0 war axe (weapon)
Missiles
 e - 41 stones (quivered)
Armour
 b - a +0 scale mail (worn)
 c - a +0 buckler (worn)
 h - a +0 pair of boots (worn)
Potions
 f - a potion of ambrosia {unknown}
 g - a potion of magic {unknown}


   Skills:
 + Level 6.6 Fighting
 + Level 1.2 Short Blades
 + Level 1.2 Long Blades
 + Level 4.7 Axes
 + Level 1.2 Maces & Flails
 + Level 1.2 Polearms
 + Level 1.2 Staves
 + Level 1.2 Slings
 + Level 1.2 Bows
 + Level 1.2 Crossbows
 + Level 1.2 Throwing
 + Level 6.6 Armour
 + Level 1.2 Dodging
 + Level 1.2 Stealth
 + Level 6.6 Shields
 + Level 1.2 Unarmed Combat
 + Level 1.2 Spellcasting
 + Level 1.0 Conjurations
 + Level 1.0 Hexes
 + Level 1.0 Summonings
 + Level 1.0 Necromancy
 + Level 1.0 Translocations
 + Level 1.0 Transmutations
 + Level 1.0 Fire Magic
 + Level 1.0 Ice Magic
 + Level 1.0 Air Magic
 + Level 1.0 Earth Magic
 + Level 1.0 Poison Magic
 + Level 1.3 Invocations
 + Level 1.2 Evocations


You had 5 spell levels left.
You didn't know any spells.
Your spell library contained the following spells:

 Spells                   Type           Power      Damage    Failure   Level
 Animate Skeleton         Necr           2%         N/A       80%         1
 Apportation              Tloc           2%         N/A       80%         1
 Summon Small Mammal      Summ           4%         N/A       80%         1


Dungeon Overview and Level Annotations

Branches:
Dungeon (2/15)

Altars:
Xom

Annotations:
D:2 Sigmund


Innate Abilities, Weirdness & Mutations

You have very sharp teeth.
Your uncanny sense of smell can sniff out nearby items.
Your experience applies equally to all skills.


Message History

Sigmund screams, "I am the angel of ZOT!!!"
Okay, then.
Saving game... please wait.
Level annotation: Sigmund Welcome back, Renzlar the Gnoll Fighter.
Press ? for a list of commands and other information.
It was a potion of heal wounds.
You feel much better. You block the jackal's attack.
Sigmund mumbles some strange words.
Sigmund flickers and vanishes!
Deactivating autopickup; reactivate with Ctrl-A.
The jackal bites you.
You feel very mighty all of a sudden. Something hits you!
The jackal bites you but does no damage.
You slash the jackal!
You kill the jackal!
The jackal completely misses you. Something hits you.
You completely miss the jackal. The jackal barely misses you.
You block the jackal's attack. Something hits you but does no damage.
You slash the jackal!
You kill the jackal!
You slash the hobgoblin!
You kill the hobgoblin!
Something hits you!
You hear a zap.
A puff of flame appears from out of thin air!
The puff of flame hits you!
* * * LOW HITPOINT WARNING * * *
Items here: ! $ ) †††.
Unknown command.
You closely miss something. Your bite misses something. Something hits you.
* * * LOW HITPOINT WARNING * * *
Unknown command.
You hit something. Something hits you but does no damage.
You slash something!
You hear a zap.
A puff of flame appears from out of thin air!
The puff of flame hits you!
You die...

# #.....##
#.<.......#
####..#...##
#.........#
#.....#.#†.#
#.........#
..##.##.##.#
###########
.# #....##
## ####..# #
##.## ##..#
#..#######
...#
#.....@..#
#..#
##..###{...#
..#
##..##..#.#
..#
##.....#...
∆ #.# ..#..#
.... .#
..#... .....
#..###.#
.... #... .#
..g.


There were no monsters in sight!

Vanquished Creatures
  Natasha (D:2)
  A gnoll (D:1)
  3 adders (D:2)
  A dart slug (D:2)
  9 ball pythons
  An endoplasm (D:1)
  2 giant cockroaches
  2 goblins (D:1)
  6 hobgoblins
  3 jackals (D:2)
  2 quokkas (D:2)
  2 bats
  2 frilled lizards (D:1)
  A kobold (D:1)
  3 rats
39 creatures vanquished.

Vanquished Creatures (others)
  8 plants (D:1)
8 creatures vanquished.

Grand Total: 47 creatures vanquished

Notes
Turn   | Place    | Note
-------+----------+-------------------------------------------
     0 | D:1      | Renzlar the Gnoll Fighter began the quest for the Orb.
     0 | D:1      | Reached XP level 1. HP: 23/23 MP: 1/1
   179 | D:1      | Reached XP level 2. HP: 26/29 MP: 2/2
   361 | D:1      | Reached XP level 3. HP: 35/35 MP: 3/3
   877 | D:2      | Found a faded altar of an unknown god.
   898 | D:2      | Noticed Natasha
   907 | D:2      | Killed Natasha
   908 | D:2      | Reached skill level 1 in Short Blades
   908 | D:2      | Reached skill level 1 in Long Blades
   908 | D:2      | Reached skill level 1 in Maces & Flails
   908 | D:2      | Reached skill level 1 in Polearms
   908 | D:2      | Reached skill level 1 in Staves
   908 | D:2      | Reached skill level 1 in Slings
   908 | D:2      | Reached skill level 1 in Bows
   908 | D:2      | Reached skill level 1 in Crossbows
   908 | D:2      | Reached skill level 1 in Throwing
   908 | D:2      | Reached skill level 1 in Dodging
   908 | D:2      | Reached skill level 1 in Stealth
   908 | D:2      | Reached skill level 1 in Unarmed Combat
   908 | D:2      | Reached skill level 1 in Spellcasting
   908 | D:2      | Reached skill level 1 in Invocations
   908 | D:2      | Reached skill level 1 in Evocations
   908 | D:2      | Reached XP level 4. HP: 33/41 MP: 5/5
   974 | D:2      | Found a shimmering altar of Xom.
  1097 | D:2      | Reached skill level 1 in Conjurations
  1097 | D:2      | Reached skill level 1 in Hexes
  1097 | D:2      | Reached skill level 1 in Summonings
  1097 | D:2      | Reached skill level 1 in Necromancy
  1097 | D:2      | Reached skill level 1 in Translocations
  1097 | D:2      | Reached skill level 1 in Transmutations
  1097 | D:2      | Reached skill level 1 in Fire Magic
  1097 | D:2      | Reached skill level 1 in Ice Magic
  1097 | D:2      | Reached skill level 1 in Air Magic
  1097 | D:2      | Reached skill level 1 in Earth Magic
  1097 | D:2      | Reached skill level 1 in Poison Magic
  1227 | D:2      | Identified the +0 tower shield of Sorcery {Will- Int+3}
  1330 | D:2      | Noticed Sigmund
  1361 | D:2      | HP: 2/41 [something (1)]
  1363 | D:2      | Killed from afar by Sigmund

Illustrated notes

Levels and vault maps discovered:
D:1:      sevenhm_arrival_forest_fort_small_5, layout_loops_ring,
          chequers_serial_rivers_micro_d, nicolae_grassy_gnolls
D:2:      layout_rooms, ebering_ecumenical_altar_box, basic_altar,
          minmay_misc_feat_encased, hangedman_decor_points, uniq_sigmund,
          uniq_natasha

Skill      XL: |  1  2  3  4 |
---------------+-------------+-----
Short Blades   | 1 |  1.2
Long Blades    | 1 |  1.2
Maces & Flails | 1 |  1.2
Polearms       | 1 |  1.2
Staves         | 1 |  1.2
Slings         | 1 |  1.2
Bows           | 1 |  1.2
Crossbows      | 1 |  1.2
Throwing       | 1 |  1.2
Dodging        | 1 |  1.2
Stealth        | 1 |  1.2
Unarmed Combat | 1 |  1.2
Spellcasting   | 1 |  1.2
Invocations    | 1 |  1.3
Evocations     | 1 |  1.2
Conjurations   | 1 |  1.0
Hexes          | 1 |  1.0
Summonings     | 1 |  1.0
Necromancy     | 1 |  1.0
Translocations | 1 |  1.0
Transmutations | 1 |  1.0
Fire Magic     | 1 |  1.0
Ice Magic      | 1 |  1.0
Air Magic      | 1 |  1.0
Earth Magic    | 1 |  1.0
Poison Magic   | 1 |  1.0
Fighting       | |  6.6
Axes           | |  4.7
Armour         | |  6.6
Shields        | |  6.6

Action                   |  1- 3 |  4- 6 || total
-------------------------+-------+-------++-------
Melee: War axe           |    61 |    40 ||   101
Throw: Stone             |     4 |     2 ||     6
  Use: Scroll            |     2 |       ||     2
       Potion            |       |     5 ||     5
Armor: Scale mail        |    23 |    24 ||    47
Dodge: Dodged            |    35 |    16 ||    51
Block: Buckler           |    22 |    11 ||    33
